 Dungeon Crawl Stone Soup version 0.22-a0-467-g5c5de1c (webtiles) character file.

660 Judge the Bolt Thrower (level 7, -15/46 HPs)
             Began as a Halfling Hunter on June 10, 2018.
             Engulfed by a cloud of flame (16 damage)
             ... on level 5 of the Dungeon.
             The game lasted 01:12:18 (5465 turns).

Judge the Bolt Thrower (Halfling Hunter)            Turns: 5465, Time: 01:12:29

Health: -15/46     AC: 11    Str: 13    XL:     7   Next: 86%
Magic:  16/16      EV: 15    Int:  9    God:
Gold:   276        SH:  0    Dex: 17    Spells: 6/6 levels left

rFire    . . .     SeeInvis .   J - +3 dagger
rCold    . . .     Gourm    .   (shield restricted)
rNeg     . . .     Faith    .   c - +1 leather armour
rPois    +         Spirit   .   (no helmet)
rElec    .         Reflect  .   h - +2 cloak {rPois}
rCorr    .         Harm     .   x - +0 pair of gloves
MR       .....                  (no boots)
Stlth    ++........             S - amulet of the acrobat
HPRegen  0.15/turn              m - ring of magical power
MPRegen  0.15/turn              C - +3 ring of protection

@: no status effects
A: small, mutation resistance 1
a: no special abilities


You were on level 5 of the Dungeon.
You were not hungry.

You visited 1 branch of the dungeon, and saw 5 of its levels.

You collected 276 gold pieces.

Inventory:

Hand Weapons
 a - a +1 hand crossbow
 b - a +0 short sword
 d - a +1 falchion of holy wrath
 g - a +3 quarterstaff of chaos
 q - a +0 hunting sling
 r - a +0 club
 u - a +0 whip
 E - a +0 hunting sling
 G - a +0 flail
 H - a +0 hand axe
 J - a +3 dagger (weapon)
 N - a +0 mace of holy wrath
Missiles
 k - 8 poisoned needles
 p - 32 arrows
 s - 138 stones (quivered)
 O - 37 bolts
 Z - 4 curare-tipped needles
Armour
 c - a +1 leather armour (worn)
 h - a +2 cloak of poison resistance (worn)
 i - a +0 animal skin
 j - a +0 chain mail
 l - a +0 leather armour
 o - a +0 helmet
 x - a +0 pair of gloves (worn)
 y - a +0 ring mail
 A - a +0 robe
 B - a +0 ring mail
 F - a +0 helmet
 I - a +0 leather armour
 K - a +0 robe
 M - a +0 scale mail
 Q - a +0 ring mail
 U - a +0 buckler of protection
Jewellery
 m - a ring of magical power (left hand)
 C - a +3 ring of protection (right hand)
 P - an uncursed amulet of the acrobat
 S - an amulet of the acrobat (around neck)
Wands
 L - a wand of acid (5)
 Y - a wand of polymorph (11)
Scrolls
 n - a scroll of random uselessness
 v - a scroll of remove curse
 w - 2 scrolls of magic mapping
 R - a scroll of noise {unknown}
 V - a scroll of teleportation {unknown}
 W - a scroll of identify
Potions
 t - 2 potions of heal wounds {unknown}
 T - 2 potions of mutation {unknown}
 X - a potion of brilliance {unknown}
Comestibles
 f - 5 rations


   Skills:
 + Level 3.3 Fighting
 + Level 3.3 Short Blades
 + Level 0.5(1.8) Long Blades
 + Level 7.0 Crossbows
 + Level 0.3 Throwing
 + Level 2.5 Armour
 + Level 3.3 Dodging
 + Level 2.5 Stealth
 + Level 0.3 Evocations


You had 6 spell levels left.
You didn't know any spells.
Your spell library contained the following spells:

 Spells                   Type           Power        Failure   Level  Hunger
 Confuse                  Hex            #.......     83%         3    ####...
 Confusing Touch          Hex            #.....       45%         1    ##.....
 Metabolic Englaciation   Hex/Ice        #.........   100%        5    ######.
 Petrify                  Tmut/Erth      #.......     99%         4    #####..
 Gell's Gravitas          Tloc           #.........   83%         3    ####...
 Yara's Violent Unravell  Hex/Tmut       #.........   100%        5    ######.


Dungeon Overview and Level Annotations

Branches:
Dungeon (5/15)             Temple (0/1) D:4

Altars:
Qazlal
Yredelemnul


Innate Abilities, Weirdness & Mutations

You are small and have problems with some larger weapons.
You are somewhat resistant to further mutation.


Message History

You bump into the rock wall.
You bump into the rock wall.
You feel less confused.
You hear some strange, mumbled words.
You are confused.
You're too confused to move!
Something hits you but does no damage.
You feel less confused.
A magic dart appears from out of thin air!
The magic dart hits you! Something closely misses you.
You hit something. You hit something. The fiery explosion engulfs you!
Ouch! That really hurt!
* * * LOW HITPOINT WARNING * * *
Reactivating autopickup.
Your Short Blades skill increases to level 3!
Your Crossbows skill increases to level 7!
You feel a bit more experienced.
You are engulfed in blazing flames.
You die...

)...####........###.##*** *,*,*
....# #..............,,* *,*,*
...## #..........##.,,,* *,*,*
...# #........###*,,,.#** *,,,*
...######.#####.# *,,...,* *,,**
.#.##.....#....<#####..#*,* *,,*
.#..............§#§...#**,**#..##
.##.............§§.#### *,,*#...#
.##.............@§§...# **,*#.#..
###...........P..####.# #,*#....
#............PP#..#.# #.*#....
###..........#####..#.# #.##....
.............#,,,,..#.## #.......
..........#..#,,,##.#..# **#.....
.........##..#*,##..#..######.>#.
.......##....#,,#)..#..#.........
........#.##.#..##..#........#.##


There were no monsters in sight!

Vanquished Creatures
  Sigmund (D:5)
  2 ogres
  A phantom (D:4)
  A scorpion (D:4)
  A crimson imp (D:5)
  Crazy Yiuf (D:3)
  Robin (D:3)
  A howler monkey skeleton (D:4)
  2 adders (D:3)
  A shadow imp (D:5)
  An adder skeleton (D:4)
  3 worms
  4 leopard geckos
  9 orcs
  6 bats
  2 giant cockroaches
  12 goblins
  10 hobgoblins
  4 jackals (D:3)
  2 kobolds
  A quokka (D:2)
  4 frilled lizards
  A jackal zombie (D:5)
  3 rats
74 creatures vanquished.

Vanquished Creatures (others)
  A goblin (D:2)
1 creature vanquished.

Grand Total: 75 creatures vanquished

Notes
Turn   | Place    | Note
-------+----------+-------------------------------------------
     0 | D:1      | Judge the Halfling Hunter began the quest for the Orb.
     0 | D:1      | Reached XP level 1. HP: 14/14 MP: 1/1
   180 | D:1      | Reached XP level 2. HP: 19/19 MP: 2/2
  1085 | D:2      | Reached skill level 5 in Crossbows
  1112 | D:2      | Reached XP level 3. HP: 23/24 MP: 3/3
  1148 | D:2      | Found a basalt altar of Yredelemnul.
  1148 | D:2      | Found a stormy altar of Qazlal.
  1182 | D:2      | Found a stormy altar of Qazlal.
  2135 | D:3      | Reached skill level 1 in Armour
  2135 | D:3      | Reached XP level 4. HP: 5/29 MP: 3/4
  2596 | D:3      | Found a runed door.
  2600 | D:3      | Noticed Crazy Yiuf
  2622 | D:3      | Killed Crazy Yiuf
  2747 | D:3      | Noticed an ogre
  2757 | D:3      | Killed an ogre
  2757 | D:3      | Reached skill level 1 in Short Blades
  2757 | D:3      | Reached XP level 5. HP: 7/34 MP: 5/5
  3016 | D:3      | Noticed Robin
  3034 | D:3      | Reached XP level 6. HP: 40/40 MP: 6/6
  3168 | D:3      | Killed Robin
  3190 | D:3      | Reached skill level 6 in Crossbows
  4162 | D:4      | Found a staircase to the Ecumenical Temple.
  4270 | D:4      | Noticed a phantom
  4288 | D:4      | Killed a phantom
  4575 | D:4      | Reached XP level 7. HP: 27/45 MP: 7/7
  4890 | D:5      | Entered Level 5 of the Dungeon
  5429 | D:5      | Noticed Sigmund
  5465 | D:5      | Killed Sigmund
  5465 | D:5      | HP: 1/46 [something/exploding inner flame[the player character] (37)]
  5465 | D:5      | Reached skill level 7 in Crossbows
  5465 | D:5      | Engulfed by a cloud of flame

Vault maps used:
D:1:      zelgadis_glass_arrival_small, serial_forest, infiniplex_forest_end_1,
          infiniplex_forest_zigzag_1, infiniplex_forest_straight_1,
          infiniplex_forest_lined_2, infiniplex_forest_end_2,
          infiniplex_forest_straight_3, infiniplex_forest_clump_small
D:2:      gammafunk_temple_overflow_wave, grunt_qazlal_clouds
D:3:      uniq_robin, uniq_crazy_yiuf_cottage
D:4:      minmay_temple_entry_trees, first_ration
D:5:      sigmund_edmund_badplayer

Skill      XL: |  1  2  3  4  5  6  7 |
---------------+----------------------+-----
Crossbows      | 5 6 7 |  7.0
Fighting       | 2 3 |  3.3
Armour         | 1 2 |  2.5
Short Blades   | 1 2 3 |  3.3
Stealth        | 2 |  2.5
Dodging        | 3 |  3.3
Long Blades    | |  0.5
Throwing       | |  0.3
Evocations     | |  0.3

Action                   |  1- 3 |  4- 6 |  7- 9 || total
-------------------------+-------+-------+-------++-------
Melee: Short sword       |    30 |     2 |       ||    32
       Dagger            |       |   119 |    46 ||   165
       Falchion          |       |     8 |     2 ||    10
       Mace              |       |     4 |       ||     4
 Fire: Hand crossbow     |    38 |    74 |     9 ||   121
Throw: Throwing net      |     1 |       |       ||     1
       Stone             |       |    11 |       ||    11
Evoke: Wand              |       |     3 |     2 ||     5
  Use: Scroll            |     3 |     3 |     5 ||    11
       Potion            |       |     4 |       ||     4
  Eat: Ration            |     1 |     3 |       ||     4
Armor: Leather armour    |     7 |    38 |    13 ||    58
Dodge: Dodged            |    35 |    79 |    25 ||   139
       Rpst.: Falchion   |       |     2 |     1 ||     3

Table legend:
 A = Spawn XP
 B = Non-spawn XP
 C = Spawn XP percentage of total XP
 D = Spawn monster count
 E = Non-spawn monster count
 F = Spawn count percentage of total count
 G = Total turns spent on level
                    A         B        C        D         E        F      G
               +---------+---------+-------+---------+---------+-------+---------
         Total |       0 |     944 |   0.0 |       0 |      74 |   0.0 |  5465
               +---------+---------+-------+---------+---------+-------+---------
           D:1 |       0 |      18 |   0.0 |       0 |       9 |   0.0 |   805
           D:2 |       0 |      16 |   0.0 |       0 |       8 |   0.0 |   975
           D:3 |       0 |     285 |   0.0 |       0 |      42 |   0.0 |  2176
           D:4 |       0 |     226 |   0.0 |       0 |      10 |   0.0 |   934
           D:5 |       0 |     399 |   0.0 |       0 |       5 |   0.0 |   575
               +---------+---------+-------+---------+---------+-------+---------
